 Dungeon Crawl Stone Soup version 0.31-a0-18-gea43df2a32 (webtiles) character file.

Game seed: 6230559665151392544

877 funkygono the Chopper (level 7, -6/61 HPs)
             Began as a Minotaur Fighter on May 9, 2023.
             Was a Follower of Okawaru.
             Killed by nerve-wracking pain
             ... invoked by an orc priest
              (13 damage)
             ... on level 6 of the Dungeon.
             The game lasted 00:06:01 (4647 turns).

funkygono the Chopper (Minotaur Fighter)            Turns: 4647, Time: 00:06:01

Health: -6/61      AC: 12    Str: 23    XL:     7   Next: 75%
Magic:  6/6        EV:  8    Int:  5    God:    Okawaru [*.....]
Gold:   219        SH:  8    Dex:  9    Spells: 6/6 levels left

rFire   + . .        a - +1 war axe
rCold   . . .        f - +0 kite shield
rNeg    . . .        o - +0 chain mail
rPois   .            (helmet restricted)
rElec   .            (no cloak)
rCorr   .            (no gloves)
SInv    .            n - +1 pair of boots
Will    .....        (no amulet) Stlth
                     q - ring of protection from fire
HPRegen 0.30/turn    (no ring)
MPRegen 0.10/turn

%: no passive effects
@: no status effects
A: horns 2, retaliatory headbutt
a: Renounce Religion, Heroism


You were on level 6 of the Dungeon.
You worshipped Okawaru.
Okawaru was aware of your devotion.
You visited 2 branches of the dungeon, and saw 7 of its levels.

You collected 313 gold pieces.
You spent 94 gold pieces at shops.

Inventory:

Hand Weapons
 a - a +1 war axe (weapon)
Missiles
 e - 3 boomerangs (quivered)
Armour
 f - a +0 kite shield (worn)
 n - a +1 pair of boots (worn)
 o - a +0 chain mail (worn)
Jewellery
 q - a ring of protection from fire (left hand)
Wands
 k - a wand of roots (13)
Scrolls
 b - a scroll of amnesia
 l - 4 scrolls of teleportation
Potions
 c - a potion of ambrosia
 d - 2 potions of might
 h - 3 potions of curing
 i - a potion of haste
 j - a potion of attraction
 m - 3 potions of heal wounds
 s - a potion of lignification {unknown}


   Skills:
 + Level 5.0 Fighting
 + Level 7.6 Axes
 + Level 6.2 Armour
 + Level 2.1 Dodging
 + Level 0.3 Stealth
 + Level 5.0 Shields


You had 6 spell levels left.
You didn't know any spells.
Your spell library contained the following spells:

 Spells                   Type           Power      Damage    Failure   Level
 Ozocubu's Armour         Ice            0%         N/A       100%        3
 Portal Projectile        Hex/Tloc       0%         N/A       100%        3
 Blade Hands              Tmut           0%         N/A       100%        5
 Metabolic Englaciation   Hex/Ice        0%         N/A       100%        5
 Summon Small Mammal      Summ           Unusable   N/A       N/A         1
 Call Canine Familiar     Summ           Unusable   N/A       N/A         3
 Summon Guardian Golem    Hex/Summ       Unusable   N/A       N/A         3
 Tukima's Dance           Hex            Unusable   N/A       N/A         3
 Animate Dead             Necr           Unusable   N/A       N/A         4
 Simulacrum               Ice/Necr       Unusable   N/A       N/A         6
 Haunt                    Necr/Summ      Unusable   N/A       N/A         7
 Infestation              Necr           Unusable   N/A       N/A         8

Dungeon Overview and Level Annotations

Branches:
Dungeon (6/15)             Temple (1/1) D:4

Altars:
Ashenzari
Cheibriados
Dithmenos
Elyvilon
Gozag
Hepliaklqana
Makhleb
Okawaru
Sif Muna
Trog
Vehumet
Yredelemnul
Zin
The Shining One

Shops:
D:3 *


Innate Abilities, Weirdness & Mutations

You have a pair of horns on your head.
You reflexively headbutt those who attack you in melee.


Message History

You kill the orc warrior!
Okawaru accepts your kill. Something hits you but does no damage.
Your Fighting skill increases to level 5!
Your Armour skill increases to level 6!
Your Shields skill increases to level 5!
You barely miss something. You headbutt something.
You block something's attack.
You hit something.
You hear some strange, mumbled words.
A magic dart appears from out of thin air!
The magic dart hits you but does no damage.
You miss something.
The orc priest looks satisfied for a moment.
Something hits you.
* * * LOW HITPOINT WARNING * * *
You slash something! Your headbutt misses something.
You block something's attack. Something hits you.
* * * LOW HITPOINT WARNING * * *
You slash something! Okawaru accepts your kill.
Reactivating autopickup.
You feel a bit more experienced.
You hit the orc priest. You headbutt the orc priest.
The orc priest is moderately wounded.
The orc priest begins to cast a cantrip, but forgets the words!
You closely miss the orc priest. Your headbutt misses the orc priest.
The orc priest is moderately wounded.
The orc priest hits you with a +0 dagger.
* * * LOW HITPOINT WARNING * * *
You slash the orc priest!
The orc priest is almost dead.
The orc priest completely misses you. You furiously retaliate!
You headbutt the orc priest, but do no damage.
You barely miss the orc priest. Your headbutt misses the orc priest.
The orc priest is almost dead.
You block the orc priest's attack.
The orc priest calls down the wrath of Beogh upon you.
Pain shoots through your body!
You die...

#..# #..# #..#####
# #..#...######.#
#.##..#...<.......
#...........####..
###.....##.#
##.#### .# #@# .#
#o# .# #.# .# #.#
.# #.# #.# #.. ###


You could see an orc priest.

Vanquished Creatures
  2 water moccasins (D:5)
  An orc warrior (D:6)
  A gnoll sergeant (D:5)
  A scorpion (D:4)
  3 sleepcaps (D:5)
  4 iguanas
  2 orc wizards
  6 gnolls
  4 adders
  A white imp (D:5)
  2 worms
  2 dart slugs
  10 orcs
  4 bats
  5 endoplasms
  7 giant cockroaches
  11 goblins
  7 hobgoblins
  6 jackals
  9 kobolds
  3 quokkas
  8 ball pythons
  5 frilled lizards
  8 rats
112 creatures vanquished.

Notes
Turn   | Place    | Note
-------+----------+-------------------------------------------
     0 | D:1      | funkygono the Minotaur Fighter began the quest for the Orb.
     0 | D:1      | Reached XP level 1. HP: 19/19 MP: 0/0
    88 | D:1      | Reached XP level 2. HP: 27/27 MP: 1/1
   332 | D:1      | Reached skill level 3 in Axes
   475 | D:1      | Reached XP level 3. HP: 33/33 MP: 2/2
  1280 | D:2      | Found a shadowy altar of Dithmenos.
  1653 | D:3      | Found Mypsiamah's Assorted Antiques.
  1660 | D:3      | Reached XP level 4. HP: 37/40 MP: 3/3
  1662 | D:3      | Reached skill level 4 in Axes
  1667 | D:3      | Reached skill level 1 in Dodging
  1783 | D:3      | Bought a pair of boots for 94 gold pieces
  1865 | D:3      | Found a glowing silver altar of Zin.
  2720 | D:4      | Reached XP level 5. HP: 39/46 MP: 4/4
  2812 | D:4      | Found a staircase to the Ecumenical Temple.
  2820 | Temple   | Entered the Ecumenical Temple
  2919 | Temple   | Became a worshipper of Warmaster Okawaru
  3067 | D:4      | Reached skill level 5 in Axes
  3360 | D:5      | Entered Level 5 of the Dungeon
  3426 | D:5      | Found a radiant altar of Vehumet.
  3450 | D:5      | Noticed a water moccasin
  3456 | D:5      | Killed a water moccasin
  3457 | D:5      | Reached skill level 6 in Axes
  3457 | D:5      | Reached skill level 5 in Armour
  3457 | D:5      | Reached XP level 6. HP: 52/53 MP: 5/5
  3780 | D:5      | Reached * piety under Okawaru
  4047 | D:5      | Reached XP level 7. HP: 47/60 MP: 6/6
  4111 | D:5      | Reached skill level 7 in Axes
  4639 | D:6      | Reached skill level 5 in Fighting
  4639 | D:6      | Reached skill level 5 in Shields
  4647 | D:6      | Killed from afar by an orc priest

Illustrated notes

Levels and vault maps discovered:
D:1:      spicycebolla_arrival_ecumenical, layout_rooms, serial_aquarium,
          aquarium_bridge_square [aquarium_subvault_wall,
          aquarium_subvault_window, aquarium_subvault_bridge,
          aquarium_subvault_bridge], aquarium_window_2, aquarium_window_corner,
          aquarium_view_2b, aquarium_view_2d, aquarium_pool_corner,
          kennysheep_pointless_box, minmay_heptomino_h4
D:2:      layout_loops_corners, basic_altar
D:3:      layout_basic, mainiacjoe_overflow_chevrons, serial_shops, shop,
          st_stairs_9, grunt_ministairs_4
D:4:      layout_rooms, minmay_temple_entry_slanted
D:5:      nicolae_cairo_tiling, layout_cave_pods, lemuel_doored_altar,
          minmay_quadrilaterals
D:6:      layout_loops_ring, tgw_xom, mainiacjoe_overflow_small_starburst,
          mainiacjoe_overflow_brackets, kennysheep_generic_room_11
Temple:   grunt_temple_mini_profane

Skill      XL: |  1  2  3  4  5  6  7 |
---------------+----------------------+-----
Armour         | 4 5 6 |  6.2
Axes           | 3 4 6 7 |  7.6
Fighting       | 4 5 |  5.0
Dodging        | 1 2 |  2.1
Shields        | 4 5 |  5.0
Stealth        | |  0.3

Action                     |  1- 3 |  4- 6 |  7- 9 || total
---------------------------+-------+-------+-------++-------
  Melee: War axe           |   121 |   109 |    45 ||   275
         Headbutt          |    15 |    17 |    10 ||    42
    Use: Scroll            |       |    10 |     4 ||    14
 Armour: Scale mail        |    58 |    15 |       ||    73
         Chain mail        |       |    61 |    20 ||    81
  Dodge: Dodged            |    53 |    53 |     8 ||   114
  Block: Buckler           |    22 |    11 |       ||    33
         Kite shield       |       |    25 |    18 ||    43

Table legend: (Time is in decaauts)
 A = Elapsed time spent in this place.
 B = Non-inter-level travel time spent in this place.
 C = Inter-level travel time spent in this place.
 D = Time resting spent in this place.
 E = Time spent auto-exploring this place.
 F = Levels seen in this place.
 G = Mean time per level.
                   A        B        C        D        E       F      G
               +--------+--------+--------+--------+--------+-----+--------+
         Total |   4736 |   4550 |    186 |     33 |   3656 |   7 |  676.6 |
       Dungeon |   4521 |   4373 |    148 |     33 |   3488 |   6 |  753.5 |
        Temple |    214 |    176 |     38 |      0 |    168 |   1 |  214.0 |
               +--------+--------+--------+--------+--------+-----+--------+

Top non-repeatable levels by time:
     D:5: 1279 daAuts
     D:3: 1103 daAuts
     D:2: 957 daAuts
     D:1: 706 daAuts
     D:4: 441 daAuts
  Temple: 214 daAuts
     D:6: 33 daAuts
